 Dungeon Sprint DCSS version 0.21.1-1-g345015f (webtiles) character file.

0 Psiloshibe the Carver (level 5, -2/49 HPs)
             Began as a Barachi Berserker on June 25, 2018.
             Was a Believer of Trog.
             Slain by a phantom (6 damage)
             ... in the Dungeon (Sprint VI: "Thunderdome").
             The game lasted 00:01:47 (94 turns).

Psiloshibe the Carver (Barachi Berserker)             Turns: 94, Time: 00:01:47

Health: -2/49      AC:  2    Str: 26    XL:     5   Next: 53%
Magic:  0/5        EV: 14    Int: 13    God:    Trog [**....]
Gold:   65         SH:  0    Dex: 12    Spells: 4/4 levels left

rFire    . . .     SeeInvis +   a - +0 falchion
rCold    x . .     Gourm    .   (no shield)
rNeg     + + +     Faith    .   b - +0 animal skin
rPois    +         Spirit   +   (no helmet)
rElec    +         Reflect  .   (no cloak)
rCorr    .         Harm     .   (no gloves)
MR       .....     NoTele   +   (no boots)
Stlth    +.........             o - amulet of Liheze Nari {Spirit rPois rN+ Str+5 Int-4}
HPRegen  0.16/turn              p - ring "Wuozxexe" {rElec rC- rN++ SInv}
MPRegen  0.09/turn              q - ring "Ullahif" {Str+2 Int+10}

@: berserk cooldown, slowed, very slow
A: +LOS, swims, slowness 1, strong legs 1
a: Hop, Berserk, Trog's Hand, Burn Spellbooks, Renounce Religion


You were in the Dungeon.
You worshipped Trog.
Trog was pleased with you.
You were not hungry.

You visited 1 branch You collected 200 gold pieces.
You spent 135 gold pieces at shops.

Inventory:

Hand Weapons
 a - a +0 falchion (weapon)
Armour
 b - a +0 animal skin (worn)
Jewellery
 o - the amulet of Liheze Nari (around neck) {Spirit rPois rN+ Str+5 Int-4}
   (You bought it in a shop in the Dungeon)

   [amulet of guardian spirit]

   It causes incoming damage to be split between your health and magic.
   It affects your strength (+5).
   It affects your intelligence (-4).
   It protects you from poison.
   It protects you from negative energy.
 p - the ring "Wuozxexe" (left hand) {rElec rC- rN++ SInv}
   (You bought it in a shop in the Dungeon)

   [ring of see invisible]

   It makes you vulnerable to cold.
   It insulates you from electricity.
   It greatly protects you from negative energy.
   It lets you see invisible.
 q - the ring "Ullahif" (right hand) {Str+2 Int+10}
   (You bought it in a shop in the Dungeon)

   [ring of strength]

   It affects your strength (+2).
   It affects your intelligence (+10).
Wands
 k - a wand of acid (3)
 l - a wand of iceblast (5)
Scrolls
 i - 4 scrolls of blinking
 m - 3 scrolls of fog
Potions
 e - 3 potions of heal wounds
 f - 4 potions of haste
 g - 2 potions of magic
 h - a potion of berserk rage
 j - a potion of resistance
Comestibles
 c - a ration
 n - 2 chunks of flesh


   Skills:
 + Level 8.0 Fighting
 + Level 8.4 Long Blades
 * Level 4.5 Throwing
 + Level 3.9 Armour
 + Level 4.2 Dodging
 + Level 0.5 Evocations


You had 4 spell levels left.
You didn't know any spells.

Dungeon Overview and Level Annotations

Branches:
Dungeon (1/1)

Altars:
Cheibriados
Dithmenos
Fedhas
Gozag
Kikubaaqudgha
Makhleb
Okawaru
Qazlal
Ru
Sif Muna
Trog
Uskayaw
Vehumet
Wu Jian
Xom
Yredelemnul
Zin
The Shining One
Beogh
Jiyva
Lugonu

Shops:
D *[%??*?*:[((!!!!


Innate Abilities, Weirdness & Mutations

Shadows flee at your approach. (+LOS)
You can swim through water.
You cover ground slowly.
You can hop short distances.


Message History

* * * LOW HITPOINT WARNING * * *
You hit the phantom.
The phantom is severely damaged.
You are ready to hop once more.
The phantom barely misses you.
You hit the phantom.
The phantom is severely damaged.
The phantom hits you.
* * * LOW HITPOINT WARNING * * *
The phantom blinks!
A kobold comes into view. It is wielding a dagger. 50...
You hit the phantom.
The phantom is almost destroyed.
The kobold throws a stone.
The stone hits you but does no damage. The phantom barely misses you.
You hit the phantom but do no damage.
The phantom is almost destroyed.
The kobold throws a stone.
The stone hits you. The phantom hits you!
You die...

#⌠..........###...###..........⌠#
#⌠..........# #.<.# #..........⌠#
#⌠..........###...###..........⌠#
##.............###.............##
###∩........8.# #.8........∩###
##∩__...K...###......___∩##
######.8.).......8.######
#⌠.....W.....⌠# ###.†..@....###
#_......._# #_......._#
#_......._# #∩.......∩#
##∩.....∩## ##.....## ##⌠⌠⌠##
#####


You could see a phantom and a kobold.

Vanquished Creatures
  Sigmund (D)
  An adder (D)
  A goblin (D)
  A rat (D)
4 creatures vanquished.

Notes
Turn   | Place    | Note
-------+----------+-------------------------------------------
     0 | D        | Psiloshibe the Barachi Berserker began the quest for the Orb.
     0 | D        | Reached XP level 1. HP: 18/18 MP: 1/1
     0 | D        | Found a shimmering altar of Xom.
     0 | D        | Found a stormy altar of Qazlal.
     3 | D        | Found a roughly hewn altar of Beogh.
     3 | D        | Found a bloodstained altar of Trog.
     4 | D        | Found an ancient bone altar of Kikubaaqudgha.
     4 | D        | Found a burning altar of Makhleb.
     5 | D        | Found Powunag's Delicious Food.
     5 | D        | Found an ornate altar of the Wu Jian Council.
     5 | D        | Found Efeo's Identification Station.
     5 | D        | Found a deep blue altar of Sif Muna.
     5 | D        | Round 1.
     6 | D        | Found Zaareoto's Jewellery.
     6 | D        | Found Vauqiog's Advanced Armour.
     6 | D        | Found a snail-covered altar of Cheibriados.
     6 | D        | Found a blossoming altar of Fedhas.
    19 | D        | Reached skill level 1 in Throwing
    19 | D        | Reached XP level 2. HP: 26/26 MP: 2/2
    26 | D        | Noticed a phantom
    27 | D        | Bought a smoking zirconium amulet for 45 gold pieces
    27 | D        | Bought a clouded steel ring for 45 gold pieces
    27 | D        | Bought a pitted bone ring for 45 gold pieces
    27 | D        | Identified the amulet of Liheze Nari {Spirit rPois rN+ Str+5 Int-4} (You bought it in a shop in the Dungeon)
    28 | D        | Identified the ring "Wuozxexe" {rElec rC- rN++ SInv} (You bought it in a shop in the Dungeon)
    29 | D        | Identified the ring "Ullahif" {Str+2 Int+10} (You bought it in a shop in the Dungeon)
    46 | D        | Found Hiafisam's Magic Scroll Shop.
    46 | D        | Found Telor's Staff Store.
    46 | D        | Found Janauroj's Magic Scroll Shop.
    46 | D        | Found Vanemnovua's Must-Have Magic.
    47 | D        | Found an opulent altar of Gozag.
    48 | D        | Found a hide-covered altar of Uskayaw.
    49 | D        | Found a sacrificial altar of Ru.
    51 | D        | Found Qeym Daro's Distillery.
    52 | D        | Found Lior's Distillery.
    52 | D        | Found Muocuopnu's Bottled Wisdom.
    53 | D        | Found a basalt altar of Yredelemnul.
    53 | D        | Found a radiant altar of Vehumet.
    53 | D        | Found a corrupted altar of Lugonu.
    53 | D        | Found Ebloy's Do-It-Yourself Clinic.
    59 | D        | Found an iron altar of Okawaru.
    60 | D        | Found a viscous altar of Jiyva.
    61 | D        | Found Geurut's Weapon Rack.
    61 | D        | Found Qoygguoq's Basic Armour.
    61 | D        | Found Doadghed's Miscellaneous Merchandise.
    62 | D        | Found a shadowy altar of Dithmenos.
    62 | D        | Found a glowing silver altar of Zin.
    62 | D        | Found a glowing golden altar of the Shining One.
    62 | D        | Found Sicolegih's Premium Goods.
    66 | D        | Noticed Sigmund
    69 | D        | Reached ** piety under Trog
    72 | D        | Killed Sigmund
    72 | D        | Reached XP level 3. HP: 10/37 MP: 3/3
    72 | D        | Reached XP level 4. HP: 12/44 MP: 4/4
    72 | D        | Reached XP level 5. HP: 13/49 MP: 5/5
    94 | D        | Slain by a phantom

Skill      XL: |  1  2 |
---------------+-------+-----
Fighting       | 4 8 |  8.0
Long Blades    | 4 8 |  8.4
Throwing       | 1 4 |  4.5
Armour         | 3 |  3.9
Dodging        | 4 |  4.2
Evocations     | |  0.5

Action                   |  1- 3 |  4- 6 || total
-------------------------+-------+-------++-------
Melee: Falchion          |    14 |    10 ||    24
Invok: Berserk           |     2 |       ||     2
 Abil: Hop               |     1 |       ||     1
Evoke: Wand              |     1 |     1 ||     2
  Use: Potion            |     2 |       ||     2
Armor: Animal skin       |     1 |       ||     1
Dodge: Dodged            |    13 |     3 ||    16
       Rpst.: Falchion   |     7 |       ||     7
